Cogmind - Beta 13 X2 @@@ ROGUE MODE // 2024.01.21 @ 16:28:40 Player: Minty Result: Destroyed by G-67 Veteran with Plasma Rifle Performance ------------- Evolutions (5) 2500 Regions Visited (14) 2800 Robots Destroyed (142) 710 Value Destroyed (5856) 5856 Prototype IDs (54) 1080 Alien Tech Used (0) 0 Bonus (2979) 2979 TOTAL SCORE: 15925 Bonus ------- High Alert Combat Kills 1147 Follower Combat Kills 1165 Network Hubs Disabled 400 Aligned with FarCom 300 Built Enhanced Grunts 300 A7 Reached Mainframe 300 Friendly Fire -633 Cogmind --------- Core Integrity 0/1000 Matter 300/300 Energy 80/100 System Corruption 10% Temperature Cool (21) Movement Core (50) Location -5/Factory Parts ------- > --- POWER (2) -------- (None) > --- PROPULSION (3) --- (None) > --- UTILITY (8) ------ Improved Targeting Computer Improved Targeting Computer Improved Target Analyzer Hacking Suite > --- WEAPON (4) ------- (None) > --- INVENTORY (5) ---- Advanced Cooling System Long-range Proton Cannon Disruptor Cannon Heavy Plasma Cannon Neutron Cannon Peak State ------------ > --- POWER ------------ Quantum Reactor Quantum Reactor > --- PROPULSION ------- Enhanced Flexi-carbon Leg Potential Leg > --- UTILITY ---------- Improved Heat Sink Large Storage Unit Core Analyzer Transmission Jammer Centrium Medium Armor Plating Experimental Thermal Shield Hacking Suite > --- WEAPON ----------- Plasma Rifle Advanced Variable Charge Gun Advanced KE Penetrator Advanced KE Penetrator > --- INVENTORY -------- Carbon-fiber Leg Improved Energy Well Improved Particle Charger Improved Shield Generator Authchip [Armor] Advanced Beam Rifle Heavy Plasma Cannon Neutron Cannon Advanced Assault Cannon Heavy Flak Cannon Heavy Flak Cannon Tri-rail Accelerator Heavy Missile Launcher Improved Datajack [Rating: 104] Favorites ----------- Power Quantum Reactor Engine Heavy Deuterium Engine Power Core Neutrino Core Reactor Quantum Reactor Propulsion Potential Leg Leg Potential Leg Flight Unit Cesium-ion Thruster Utility Hacking Suite Device Improved Heat Sink Storage Large Storage Unit Processor Core Analyzer Hackware Hacking Suite Protection Hardened Light Armor Plating Weapon Advanced Beam Rifle Energy Gun Advanced Beam Rifle Energy Cannon Ion Burst Cannon Ballistic Gun Advanced KE Penetrator Ballistic Cannon Advanced Assault Cannon Launcher Heavy Missile Launcher Build | -11 -10 -10 -10 -9 -8 -7 -6 -6 -6 -6 -6 -6 -6 -5 ------- Run | Yrd Mat Min Exi Min Mat Fac Fac Was Fac Ext Cet Arc Hub Fac Slots Evolved 10 | . . . . . 4 2 2 . . . . . . 2 Power 1 | . . . . . . . 1 . . . . . . . Propulsion 1 | . . . . . . . . . . . . . . 1 Utility 6 | . . . . . 3 1 1 . . . . . . 1 Weapon 2 | . . . . . 1 1 . . . . . . . . Parts Attached 140 | . 9 7 2 1 26 9 1 5 5 9 9 1 12 44 Power 16 | . 1 1 . . 4 2 . . . 1 2 . . 5 Engine 9 | . 1 1 . . 3 2 . . . 1 . . . 1 Core 5 | . . . . . 1 . . . . . . . . 4 Reactor 2 | . . . . . . . . . . . 2 . . . Propulsion 15 | . . 1 2 . . 1 . . . 1 . . 4 6 Treads . | . . . . . . . . . . . . . . . Leg 14 | . . 1 2 . . 1 . . . 1 . . 4 5 Wheel . | . . . . . . . . . . . . . . . Hover . | . . . . . . . . . . . . . . . Flight 1 | . . . . . . . . . . . . . . 1 Utility 43 | . 1 . . . 12 3 1 2 1 6 2 . 3 12 Device 19 | . . . . . 5 2 1 2 . 3 1 . 3 2 Storage 3 | . . . . . 1 . . . . 1 . . . 1 Processor 11 | . . . . . 1 . . . 1 1 . . . 8 Hackware 3 | . . . . . 2 . . . . 1 . . . . Protection 7 | . 1 . . . 3 1 . . . . 1 . . 1 Artifact . | . . . . . . . . . . . . . . . Weapon 66 | . 7 5 . 1 10 3 . 3 4 1 5 1 5 21 Energy Gun 30 | . 4 3 . 1 4 1 . 1 2 . 3 . 3 8 Energy Cannon 6 | . . . . . . . . . 2 . . 1 . 3 Ballistic Gun 4 | . . 1 . . . . . . . . 2 . . 1 Ballistic Cannon 11 | . . . . . 3 2 . 1 . . . . . 5 Launcher 15 | . 3 1 . . 3 . . 1 . 1 . . 2 4 Special Weapon . | . . . . . . . . . . . . . . . Impact Weapon . | . . . . . . . . . . . . . . . Slashing Weapon . | . . . . . . . . . . . . . . . Piercing Weapon . | . . . . . . . . . . . . . . . Special Melee Weapon . | . . . . . . . . . . . . . . . Unidentified Prototypes 13 | . . . . . 1 1 . 1 3 1 3 1 2 . Corrupted Parts 3 | . . . . . . . . 1 . . 2 . . . System Corruption 10 | . . . . . . . . 3 . . 7 . . . Parts Lost 38 | . . 2 . . 2 1 . . . 1 2 . 7 23 Power 7 | . . 1 . . 1 . . . . . . . 1 4 Propulsion 6 | . . 1 . . . . . . . . . . 1 4 Utility 16 | . . . . . 1 1 . . . 1 1 . 4 8 Weapon 9 | . . . . . . . . . . . 1 . 1 7 Highest Loss Streak 12 | . . 2 . . 1 1 . . . 1 2 . 3 12 To Critical Strikes . | . . . . . . . . . . . . . . . Average Slot Usage (%) 94 | . 97 98 100 100 99 100 92 89 92 97 99 100 96 85 Engine 6 | . 14 12 14 14 8 7 6 6 6 10 3 . . 1 Core 1 | . . . . . . . . . . . . . . 4 Reactor 2 | . . . . . . . . . . . 9 13 12 . Leg 17 | . 28 27 28 28 18 15 13 13 13 13 13 13 12 15 Device 8 | . . . . . 9 10 19 20 18 15 7 6 12 6 Storage 7 | . 14 14 14 14 9 7 6 6 6 6 6 6 6 5 Processor 7 | . . . . . 6 7 6 6 7 5 6 6 6 17 Hackware 8 | . . . . . 6 15 13 13 13 18 20 20 10 5 Protection 6 | . 11 14 14 14 13 3 . . . . 4 6 6 3 Energy Gun 16 | . 26 27 28 28 16 23 20 16 18 17 8 6 12 9 Energy Cannon 1 | . . . . . . . . . 1 6 6 6 . . Ballistic Gun 2 | . . . . . . . . . . . 10 13 13 . Ballistic Cannon 3 | . . . . . 9 4 6 5 . . . . . 6 Naked Turns . | . . . . . . . . . . . . . . . Heaviest Build 92 | 14 21 20 20 23 41 53 52 59 59 70 90 91 92 89 Greatest Support 73 | 20 20 20 60 60 60 60 60 60 60 60 60 60 60 73 Greatest Overweight (x) 2 | . 1 1 . . . 1 . . . 1 1 1 2 2 Average Overweight (x) . | . . . . . . . . . . . . 1 1 . Largest Inventory Capacity 15 | . 8 8 8 8 15 15 15 15 15 15 15 15 15 15 Average Capacity 12 | . 8 8 8 8 9 15 15 15 15 15 15 15 15 14 Most Carried 15 | . 8 8 8 8 9 14 15 15 15 15 15 15 15 15 Average Carried 11 | . 7 7 8 7 7 10 13 14 11 13 14 14 14 13 Final Capacity 15 | 8 8 8 8 8 15 15 15 15 15 15 15 15 15 5 Final Carried 15 | 7 8 8 8 8 9 13 15 15 12 15 15 15 14 5 Class Distribution -------------------- 26% | Hacker-Skirmisher 24% | Mutant 22% | Scavenger-Gunner 12% | Scavenger-Skirmisher 5% | Tank 4% | Hacker-Gunner 3% | Scavenger-Tank Dominant Class ---------------- Mutant | -10/Materials Mutant | -10/Mines Mutant | -10/Exiles Mutant | -9/Mines Tank | -8/Materials Hacker-Skirmisher | -7/Factory Hacker-Skirmisher | -6/Factory Hacker-Skirmisher | -6/Waste Hacker-Skirmisher | -6/Factory Hacker-Skirmisher | -6/Extension Scavenger-Skirmisher | -6/Cetus Scavenger-Skirmisher | -6/Archives Scavenger-Skirmisher | -6/Hub_04(d) Scavenger-Gunner | -5/Factory Resources | -11 -10 -10 -10 -9 -8 -7 -6 -6 -6 -6 -6 -6 -6 -5 ----------- Run | Yrd Mat Min Exi Min Mat Fac Fac Was Fac Ext Cet Arc Hub Fac Matter Collected 3233 | 186 115 108 . 25 598 288 . 5 127 212 129 65 424 951 Remotely . | . . . . . . . . . . . . . . . Salvage Created 5523 | . 353 128 . 41 949 302 . . 127 618 204 241 1073 1487 Parts 265 | . 25 10 . 5 54 14 . . 3 23 13 10 49 59 Haulers Intercepted 4 | . . . . . 1 . . . 1 . . . 2 . Recyclers Shooed 5 | . . . . . 1 . . . . 1 . . . 3 Parts Field Recycled . | . . . . . . . . . . . . . . . Retrieved Matter . | . . . . . . . . . . . . . . . Parts Self-Destructed . | . . . . . . . . . . . . . . . Prevented . | . . . . . . . . . . . . . . . Kills | -11 -10 -10 -10 -9 -8 -7 -6 -6 -6 -6 -6 -6 -6 -5 ------- Run | Yrd Mat Min Exi Min Mat Fac Fac Was Fac Ext Cet Arc Hub Fac Combat Hostiles Destroyed 112 | . 14 5 . 3 24 5 . . 1 10 4 2 15 29 Melee 1 | . . . . . . . . . . . . . . 1 Guns 59 | . 10 2 . 3 6 4 . . . 3 3 1 14 13 Cannons 25 | . . . . . 9 1 . . . 2 1 1 . 11 AOE 26 | . 4 3 . . 9 . . . 1 4 . . 1 4 Classes Destroyed 17 | . 2 1 . . 7 2 . . . 1 1 . 2 1 Worker 8 | . . . . . 1 1 . . . . . . 3 3 Builder 5 | . . 1 . . 1 . . . . . . . 1 2 Hauler 4 | . . . . . 1 . . . 1 . . . 2 . Recycler 2 | . . . . . . . . . . . . . 1 1 Operator 5 | . . . . . 1 1 . . . 1 . . 2 . Watcher 5 | . . . . . 1 1 . . . 1 1 . 1 . Swarmer 19 | . 6 3 . 3 . . . . . . 2 . 5 . Cutter 1 | . . . . . . . . . . . . . 1 . Saboteur 1 | . . . . . . . . . . . . . . 1 Grunt 55 | . 8 2 . . 16 2 . . 1 5 . . 6 15 Brawler 5 | . . . . . 1 . . . . . . . . 4 Duelist 5 | . . . . . 2 . . . . 1 . . . 2 Sentry 13 | . . . . . 5 1 . . . 2 . 2 3 . Hunter 4 | . . . . . . 1 . . . . . . . 3 Programmer 5 | . . . . . . . . . . . 1 . . 4 Heavy 1 | . . . . . . 1 . . . . . . . . Behemoth 2 | . . . . . . . . . . 2 . . . . Cetus Guard 1 | . . . . . . . . . . . 1 . . . Enhanced Grunt 1 | . . . . . . . . . . . . 1 . . Best Kill Streak 12 | . 5 3 . 3 10 3 . . 2 4 4 2 12 10 Combat Bots Only 7 | . 5 3 . 3 7 3 . . 1 4 2 2 4 6 Max Kills in Single Turn 5 | . 3 3 . 2 3 1 . . 2 3 2 2 5 2 Gunslinging 1 | . 1 . . 1 . . . . . . . . . 1 Exploded 3 | . 3 3 . . 2 . . . 1 3 . . 1 1 Melee 1 | . . . . . . . . . . . . . . 1 Uniques/NPCs Destroyed . | . . . . . . . . . . . . . . . Combat | -11 -10 -10 -10 -9 -8 -7 -6 -6 -6 -6 -6 -6 -6 -5 -------- Run | Yrd Mat Min Exi Min Mat Fac Fac Was Fac Ext Cet Arc Hub Fac Hostile Shots Fired 686 | . 55 16 . 2 73 37 . 1 2 98 21 3 116 262 Missed 209 | . 13 3 . 1 21 10 . 1 1 34 5 1 38 81 Damage Taken 8489 | . 407 181 . 7 1000 478 . . 122 602 329 54 1274 4035 Core 1582 | . 121 9 . . 159 39 . . 13 37 82 . 122 1000 Absorbed by Shields 388 | . . . . . . 68 . . 45 189 86 . . . Ignored by Resistances 106 | . . . . . . . . . . . . . 106 . Regen/Repaired (Parts) 576 | . 48 . . . . . . . . . . . . 528 Core Remaining (%) 76 | 100 . . . 48 71 94 . . . . . . 70 . Volleys Fired 268 | . 31 10 . 3 50 16 1 4 2 32 12 3 32 72 Largest 4 | . 2 2 . 2 3 4 4 4 4 4 4 4 4 4 Hottest 371 | . 100 115 . 115 205 245 245 245 221 296 297 231 371 320 Shots Fired 690 | . 56 20 . 6 122 64 4 15 5 88 33 12 105 160 Gun 480 | . 50 19 . 6 65 48 3 11 3 63 24 9 101 78 Cannon 180 | . . . . . 49 15 1 4 . 23 9 3 1 75 Launcher 30 | . 6 1 . . 8 1 . . 2 2 . . 3 7 Special . | . . . . . . . . . . . . . . . Kinetic 209 | . . . . . 49 15 1 4 . . 4 6 59 71 Thermal 425 | . 50 19 . 6 65 48 3 11 2 64 28 6 43 80 Explosive 25 | . 6 1 . . 8 1 . . 2 2 . . 3 2 Electromagnetic 31 | . . . . . . . . . 1 22 1 . . 7 Robot Hit Streak 21 | . 7 7 . 4 8 8 1 4 1 21 13 2 7 11 Robot Miss Streak 21 | . 3 1 . 2 4 5 2 3 2 6 4 2 6 21 Penetration Max 1 | . . . . . . . . . . . 1 . 1 . Secondary Targets 7 | . 2 . . 1 . . . . . . . . 2 2 Max Gunslinging Chain 1 | . 1 . . 1 . . . . . . . . 1 1 Shots Hit Robots 393 | . 28 15 . 4 62 37 1 9 2 49 22 7 47 110 Core Hits 310 | . 19 9 . 4 47 17 1 2 6 32 20 6 37 110 Critical Kills 2 | . . . . . . . . . . . . . 2 . Critical Parts Destroyed 6 | . . . . . . . . . . . . . 6 . Critical Strikes 26 | . 6 . . . 5 2 . . . 2 . . 9 2 Burn 12 | . 6 . . . 2 2 . . . 1 . . 1 . Destroy 8 | . . . . . . . . . . . . . 8 . Blast 5 | . . . . . 3 . . . . . . . . 2 Corrupt 1 | . . . . . . . . . . 1 . . . . Melee Attacks . | . . . . . . . . . . . . . . . Impact . | . . . . . . . . . . . . . . . Slashing . | . . . . . . . . . . . . . . . Piercing . | . . . . . . . . . . . . . . . Sneak Attacks . | . . . . . . . . . . . . . . . Combat Hostiles . | . . . . . . . . . . . . . . . Follow-up Attacks . | . . . . . . . . . . . . . . . Damage Inflicted 15391 | . 654 337 . 62 2675 917 22 319 147 1839 783 182 2683 4771 Guns 6424 | . 342 187 . 56 658 602 20 158 20 717 411 141 1524 1588 Cannons 3953 | . . . . . 754 216 . 161 . 750 372 41 37 1622 Explosions 4822 | . 310 150 . . 1188 23 . . 127 360 . . 1122 1542 Melee . | . . . . . . . . . . . . . . . Ramming 192 | . 2 . . 6 75 76 2 . . 12 . . . 19 Kinetic 3800 | . . . . . 754 216 . 161 . . 51 81 998 1539 Thermal 6585 | . 342 187 . 56 658 602 20 158 20 1282 712 101 563 1884 Explosive 3128 | . 310 150 . . 1188 23 . . 127 360 . . 218 752 Electromagnetic 1686 | . . . . . . . . . . 185 20 . 904 577 Impact . | . . . . . . . . . . . . . . . Slashing . | . . . . . . . . . . . . . . . Piercing . | . . . . . . . . . . . . . . . Highest Corruption 32 | . . . . . . . . 16 16 16 23 23 32 10 Average Corruption 15 | . . . . . . . . 8 16 16 21 23 27 5 Corruption Purged . | . . . . . . . . . . . . . . . Corruption Blocked . | . . . . . . . . . . . . . . . Effects 134 | . . . . . . . . 4 8 31 20 4 38 29 Message Errors 38 | . . . . . . . . 2 3 10 3 2 11 7 Matter Fused 27 | . . . . . . . . . 1 2 7 . 10 7 Heat Flow Errors 14 | . . . . . . . . . . 6 2 1 2 3 Energy Discharges 18 | . . . . . . . . . 2 3 2 . 5 6 Parts Rejected 2 | . . . . . . . . . . 1 . . . 1 Parts Fused 3 | . . . . . . . . . 1 . . . 1 1 Data Loss (minor) 11 | . . . . . . . . 2 1 3 1 . 4 . Data Loss (major) 1 | . . . . . . . . . . 1 . . . . Misfires 7 | . . . . . . . . . . 1 2 . 1 3 Alerts 2 | . . . . . . . . . . . 1 1 . . Misdirections 1 | . . . . . . . . . . 1 . . . . Weapon Failures 10 | . . . . . . . . . . 3 2 . 4 1 Overload Shots 4 | . . . . . . . . . . . 2 . 2 . Overflow Damage 150 | . 32 . . . 17 8 . . . 5 . . 81 7 Projectiles 16 | . . . . . 6 . . . . 5 . . . 5 Explosions 126 | . 32 . . . 11 . . . . . . . 81 2 Melee 8 | . . . . . . 8 . . . . . . . . Knockbacks 28 | . . . . . 8 2 . . . . . . . 18 Impact 2 | . . . . . 2 . . . . . . . . . Kinetic 24 | . . . . . 6 2 . . . . . . . 16 Secondary 2 | . . . . . . . . . . . . . . 2 Self-Inflicted Damage 677 | . . . . . 183 5 . . 5 . . . 200 284 Shots 14 | . . . . . 3 1 . . 1 . . . 4 5 Rammed 1 | . . . . . . . . . . . . . . 1 Targets Rammed 22 | . 1 . . 1 6 5 1 . . 1 . . . 7 Kicked 21 | . 1 . . 1 6 5 1 . . 1 . . . 6 Crushed . | . . . . . . . . . . . . . . . Highest Temperature 492 | . 274 405 . 138 492 478 111 163 450 437 349 224 448 329 Average Temperature 134 | . 103 160 . 59 179 154 63 73 162 143 114 100 162 72 Received Heat Transfer 2498 | . 120 84 . . 450 58 . . 19 105 9 . 297 1356 Effects 26 | . 1 3 . . 7 1 . . 1 3 1 . 6 3 Shutdowns 10 | . . . . . 2 1 . . 1 2 . . 4 . Energy Bleed 4 | . . 2 . . . . . . . . . . 1 1 Interference 7 | . 1 . . . 3 . . . . . . . 1 2 Matter Decay 3 | . . . . . 2 . . . . 1 . . . . Short Circuit 1 | . . 1 . . . . . . . . . . . . Damage (minor) 1 | . . . . . . . . . . . 1 . . . Siege Activations . | . . . . . . . . . . . . . . . Robots Corrupted 2 | . . . . . . . . . . . . . 2 . Combat Hostiles . | . . . . . . . . . . . . . . . Parts Fried 12 | . . . . . . . . . . 1 . . 10 1 Impact Corruptions 1 | . . . . . . 1 . . . . . . . . Robots Melted 1 | . . . . . . . . . . 1 . . . . Combat Hostiles 1 | . . . . . . . . . . 1 . . . . Parts Melted 27 | . 6 2 . 1 2 5 . . . 3 . 1 . 7 Heat Transferred 12075 | . 1443 518 . 148 1406 1221 37 259 37 1885 956 161 803 3201 Parts Sabotaged 3 | . . . . . . . . . . . . . . 3 Parts Stolen . | . . . . . . . . . . . . . . . Parts Stripped . | . . . . . . . . . . . . . . . Power Chain Reactions 4 | . . . . . . . . . . . . . 1 3 Missiles Intercepted . | . . . . . . . . . . . . . . . Alert | -11 -10 -10 -10 -9 -8 -7 -6 -6 -6 -6 -6 -6 -6 -5 ------- Run | Yrd Mat Min Exi Min Mat Fac Fac Was Fac Ext Cet Arc Hub Fac Peak Influence 1108 | . 291 197 . 81 776 532 191 66 87 751 735 512 1108 1108 Initial 542 | . . 76 . . 31 352 148 66 42 42 420 294 179 542 Average 412 | . 165 86 . 6 408 419 179 57 58 520 588 461 440 648 Maximum Alert Level 4 | . 1 . . . 3 2 . . . 3 3 2 4 4 Low Security (%) 31 | . 67 100 . 100 23 . 100 100 100 19 . . 5 . Level 1 13 | . 32 . . . 8 52 . . . 14 . 24 46 . Level 2 41 | . . . . . 63 47 . . . 12 97 75 42 73 Level 3 13 | . . . . . 4 . . . . 54 2 . 4 25 Level 4 . | . . . . . . . . . . . . . . . Level 5 . | . . . . . . . . . . . . . . . High Security . | . . . . . . . . . . . . . . . Max Security . | . . . . . . . . . . . . . . . Squads Dispatched 37 | . 4 . . 1 3 7 2 . . 3 . . 5 12 Investigation 17 | . 3 . . 1 1 3 1 . . 2 . . 2 4 Extermination 2 | . . . . . . . . . . . . . . 2 Reinforcement 12 | . 1 . . . 2 2 1 . . . . . 3 3 Assault 4 | . . . . . . . . . . 1 . . . 3 Garrison 2 | . . . . . . 2 . . . . . . . . Intercept . | . . . . . . . . . . . . . . . Searches Triggered . | . . . . . . . . . . . . . . . Construction Impeded 3 | . . . . . 1 . . . . . . . . 2 Haulers Reinforced 1 | . . . . . . . . . . . . . 1 . Active Scanning Responses . | . . . . . . . . . . . . . . . Cargo Convoy Interrupts 1 | . . . . . . . . . . . . . . 1 Stealth | -11 -10 -10 -10 -9 -8 -7 -6 -6 -6 -6 -6 -6 -6 -5 --------- Run | Yrd Mat Min Exi Min Mat Fac Fac Was Fac Ext Cet Arc Hub Fac Distress Signals 9 | . 1 . . . 4 . . . . 2 1 . 1 . Communications Jammed 14 | . . . . . . . . . . . . . 14 . Distress Signals 14 | . . . . . . . . . . . . . 14 . Times Spotted 219 | . 18 5 . 3 37 9 2 6 1 30 8 3 29 68 Peak Tracking Total 13 | . 6 3 . 3 7 3 1 5 1 9 5 2 4 13 Tactical Retreats 15 | . . . . . 7 . . 1 . 1 . . 2 4 Traps | -11 -10 -10 -10 -9 -8 -7 -6 -6 -6 -6 -6 -6 -6 -5 ------- Run | Yrd Mat Min Exi Min Mat Fac Fac Was Fac Ext Cet Arc Hub Fac Traps Triggered 6 | . . . . . . 1 1 . . . . . 1 3 Indirectly . | . . . . . . . . . . . . . . . Trap Hack Attempts . | . . . . . . . . . . . . . . . Triggered . | . . . . . . . . . . . . . . . Disarmed . | . . . . . . . . . . . . . . . Reprogrammed 18 | . . . . . . 12 . . . 6 . . . . Reused 7 | . . . . . . 5 . . . 2 . . . . Traps Extracted . | . . . . . . . . . . . . . . . Installed . | . . . . . . . . . . . . . . . Triggered 9 | . . . . . . 5 . . . 2 . . . 2 Objects Rigged 4 | . . . . . . . 4 . . . . . . . Machines | -11 -10 -10 -10 -9 -8 -7 -6 -6 -6 -6 -6 -6 -6 -5 ---------- Run | Yrd Mat Min Exi Min Mat Fac Fac Was Fac Ext Cet Arc Hub Fac Machines Disabled 53 | . . . . . 4 1 . . . 7 3 4 25 9 Max in Single Turn 19 | . . . . . 2 1 . . . 1 1 3 19 3 Garrison Access 1 | . . . . . . . . . . . . . . 1 Network Hub 2 | . . . . . . . . . . . . . 2 . Machines Repaired . | . . . . . . . . . . . . . . . Machines Dismantled . | . . . . . . . . . . . . . . . Machines Sabotaged . | . . . . . . . . . . . . . . . Overloaded Fab Kills . | . . . . . . . . . . . . . . . Hacking | -11 -10 -10 -10 -9 -8 -7 -6 -6 -6 -6 -6 -6 -6 -5 --------- Run | Yrd Mat Min Exi Min Mat Fac Fac Was Fac Ext Cet Arc Hub Fac Machines Accessed 43 | . 6 . 2 1 5 5 3 . . 8 2 . 4 7 Terminals 28 | . 5 . . . 4 3 1 . . 8 2 . 3 2 Fabricators 1 | . . . . . . . 1 . . . . . . . Repair Stations 5 | . 1 . . . . . . . . . . . . 4 Recycling Units 1 | . . . . . . . 1 . . . . . . . Scanalyzers 3 | . . . . . 1 2 . . . . . . . . Garrison Access 2 | . . . . . . . . . . . . . 1 1 Total Hacks 149 | . 20 . 2 1 17 25 16 . . 24 6 . 10 28 Successful 90 | . 11 . 2 1 11 17 12 . . 13 5 . 4 14 Failed 59 | . 9 . . . 6 8 4 . . 11 1 . 6 14 Catastrophic 10 | . 2 . . . 1 1 . . . . 1 . 2 3 Database Lockouts . | . . . . . . . . . . . . . . . Manual 52 | . 2 . 1 . 3 12 11 . . 5 1 2 8 7 Terminals 93 | . 17 . . . 10 18 5 . . 24 6 . 7 6 Fabricators 4 | . . . . . . . 4 . . . . . . . Repair Stations 22 | . 3 . . . . . . . . . . . . 19 Recycling Units 7 | . . . . . . . 7 . . . . . . . Scanalyzers 14 | . . . . . 7 7 . . . . . . . . Garrison Access 6 | . . . . . . . . . . . . . 3 3 Terminal Hacks 47 | . 7 . 2 1 5 10 1 . . 11 5 . 4 1 Record 6 | . . . 1 . . 1 . . . . 4 . . . Part Schematic 4 | . . . . . . 2 . . . 2 . . . . Robot Analysis 1 | . 1 . . . . . . . . . . . . . Prototype ID Bank 10 | . 4 . . . 2 2 . . . 2 . . . . Open Door 5 | . . . . 1 . . . . . 3 1 . . . Branch Access Points 1 | . 1 . . . . . . . . . . . . . Alert Level 6 | . . . . . 1 1 1 . . 1 . . 1 1 Unreport Threat 3 | . . . . . 1 1 . . . . . . 1 . Locate Traps 3 | . . . . . . 1 . . . 1 . . 1 . Reprogram Traps 3 | . . . . . . 2 . . . 1 . . . . Dispatch Records 1 | . . . . . . . . . . 1 . . . . Surveillance Status 1 | . 1 . . . . . . . . . . . . . Zone Layout 2 | . . . . . 1 . . . . . . . 1 . Derelict Proto ID Bank 1 | . . . 1 . . . . . . . . . . . Fabricator Hacks 2 | . . . . . . . 2 . . . . . . . Load Schematic 1 | . . . . . . . 1 . . . . . . . Build 1 | . . . . . . . 1 . . . . . . . Repair Station Hacks 13 | . 3 . . . . . . . . . . . . 10 Scan Component 7 | . 1 . . . . . . . . . . . . 6 Repair 5 | . 1 . . . . . . . . . . . . 4 Refit 1 | . 1 . . . . . . . . . . . . . Recycling Unit Hacks 2 | . . . . . . . 2 . . . . . . . Report Inventory 1 | . . . . . . . 1 . . . . . . . Retrieve Components 1 | . . . . . . . 1 . . . . . . . Scanalyzer 10 | . . . . . 6 4 . . . . . . . . Insert Component 5 | . . . . . 3 2 . . . . . . . . Analyze 5 | . . . . . 3 2 . . . . . . . . Garrison Access Hacks . | . . . . . . . . . . . . . . . Unauthorized Hacks 16 | . 1 . . . . 3 7 . . 2 . . . 3 Terminals 9 | . 1 . . . . 2 2 . . 2 . . . 2 Assimilate 1 | . . . . . . . . . . . . . . 1 Botnet 3 | . . . . . . 1 1 . . 1 . . . . Detonate 1 | . . . . . . . 1 . . . . . . . Sabotage 3 | . 1 . . . . 1 . . . 1 . . . . Search 1 | . . . . . . . . . . . . . . 1 Fabricators 1 | . . . . . . . 1 . . . . . . . Prioritize 1 | . . . . . . . 1 . . . . . . . Repair Stations . | . . . . . . . . . . . . . . . Recycling Units 4 | . . . . . . . 4 . . . . . . . Monitor 1 | . . . . . . . 1 . . . . . . . Reject 1 | . . . . . . . 1 . . . . . . . Recyclers 1 | . . . . . . . 1 . . . . . . . Mask 1 | . . . . . . . 1 . . . . . . . Scanalyzers 1 | . . . . . . 1 . . . . . . . . Extract 1 | . . . . . . 1 . . . . . . . . Garrison Access 1 | . . . . . . . . . . . . . . 1 Jam 1 | . . . . . . . . . . . . . . 1 Data Cores Recovered 2 | . . . . . 1 . . . . 1 . . . . Used 2 | . . . . . 1 . . . . 1 . . . . Hacking Detections 33 | . 4 . . . 5 3 2 . . 7 1 . 4 7 Full Trace Events 12 | . 4 . . . 1 1 1 . . 1 . . 2 2 Feedback Events . | . . . . . . . . . . . . . . . Feedback Blocked . | . . . . . . . . . . . . . . . Robot Schematics Acquired . | . . . . . . . . . . . . . . . Robots Built . | . . . . . . . . . . . . . . . Authchips . | . . . . . . . . . . . . . . . Time . | . . . . . . . . . . . . . . . Total Robot Build Rating . | . . . . . . . . . . . . . . . Part Schematics Acquired 9 | . . . . . 3 4 . . . 2 . . . . Parts Built 2 | . . . . . . . 2 . . . . . . . Authchips . | . . . . . . . . . . . . . . . Time 47 | . . . . . . . 47 . . . . . . . Total Part Build Rating 10 | . . . . . . . 10 . . . . . . . Parts Repaired 5 | . 1 . . . . . . . . . . . . 4 Time 311 | . 26 . . . . . . . . . . . . 285 Parts Recycled . | . . . . . . . . . . . . . . . Recycled Matter . | . . . . . . . . . . . . . . . Retrieved Matter . | . . . . . . . . . . . . . . . Retrieved Components . | . . . . . . . . . . . . . . . Parts Scanalyzed 5 | . . . . . 3 2 . . . . . . . . Part Schematics Acquired 4 | . . . . . 3 1 . . . . . . . . Parts Damaged 1 | . . . . . 1 . . . . . . . . . Bothacking | -11 -10 -10 -10 -9 -8 -7 -6 -6 -6 -6 -6 -6 -6 -5 ------------ Run | Yrd Mat Min Exi Min Mat Fac Fac Was Fac Ext Cet Arc Hub Fac Used RIF Installer . | . . . . . . . . . . . . . . . Robots Hacked . | . . . . . . . . . . . . . . . Non-combat . | . . . . . . . . . . . . . . . Combat . | . . . . . . . . . . . . . . . Robot Hacks Applied . | . . . . . . . . . . . . . . . Relay Couplers Released . | . . . . . . . . . . . . . . . Fabnet Peak Effective % . | . . . . . . . . . . . . . . . Robots Rewired 1 | . . . . . . . . . . . . . . 1 Allies Hacked . | . . . . . . . . . . . . . . . Hacks Repelled . | . . . . . . . . . . . . . . . Allies | -11 -10 -10 -10 -9 -8 -7 -6 -6 -6 -6 -6 -6 -6 -5 -------- Run | Yrd Mat Min Exi Min Mat Fac Fac Was Fac Ext Cet Arc Hub Fac Total Allies 17 | . . 3 . . . . . 1 1 6 5 . . 1 Largest Group 7 | . . 3 3 3 3 . . 1 1 5 7 5 3 1 Highest-Rated Group 680 | . . 40 40 40 40 . . 31 54 311 680 481 240 29 Highest-Rated Ally 159 | . . 16 16 16 16 . . 31 54 159 159 152 96 29 Total Orders . | . . . . . . . . . . . . . . . Ally Attacks 240 | . . . . . 38 . . 9 1 114 42 10 23 3 Total Damage 4868 | . . . . . 430 . . 145 31 2293 1095 385 431 58 Kills 31 | . . . . . 3 . . . . 15 6 2 5 . Allies Corrupted . | . . . . . . . . . . . . . . . Allies Melted . | . . . . . . . . . . . . . . . Intel | -11 -10 -10 -10 -9 -8 -7 -6 -6 -6 -6 -6 -6 -6 -5 ------- Run | Yrd Mat Min Exi Min Mat Fac Fac Was Fac Ext Cet Arc Hub Fac Robot Analysis Total 1 | . 1 . . . . . . . . . . . . . Derelict Logs Recovered 3 | . . 3 . . . . . . . . . . . . Drone Launches . | . . . . . . . . . . . . . . . Drone Recoveries . | . . . . . . . . . . . . . . . Exploration | -11 -10 -10 -10 -9 -8 -7 -6 -6 -6 -6 -6 -6 -6 -5 ------------- Run | Yrd Mat Min Exi Min Mat Fac Fac Was Fac Ext Cet Arc Hub Fac Turns Passed 6787 | . 525 549 281 168 711 410 263 129 230 683 371 95 673 1699 Spaces Moved 4155 | 1 240 399 228 166 545 331 231 153 211 410 148 48 293 751 Core 22 | . . . . . . . . . . . . . . 22 Treads . | . . . . . . . . . . . . . . . Legs 4019 | 1 240 399 228 166 545 331 231 153 211 410 148 48 293 615 Wheels . | . . . . . . . . . . . . . . . Hover . | . . . . . . . . . . . . . . . Flight 114 | . . . . . . . . . . . . . . 114 Fastest Speed 35 | 120 120 120 90 90 90 45 90 45 90 90 90 170 146 35 Average Speed 121 | 120 164 120 106 90 90 90 90 69 90 129 162 170 176 150 Slowest Speed 260 | 120 190 190 120 90 90 170 90 90 90 170 170 170 255 260 Overloaded Moves 124 | . . . . . . 2 . 71 . . . . 45 6 Propulsion Burnouts . | . . . . . . . . . . . . . . . Robots Hopped 7 | . . . . . . . . . . . . . . 7 Cave-ins Triggered . | . . . . . . . . . . . . . . . Exploration Rate (%) 44 | 2 46 86 61 48 46 11 7 89 7 62 69 70 42 20 Regions Visited 14 Branch Regions 7 Pre-discovered Areas 2 | . . 1 1 . . . . . . . . . . . Known Exits Taken 1 | . 1 . . . . . . . . . . . . . Unknown Exits Taken 11 | 1 . 1 1 1 1 1 . . 1 1 1 1 1 . Scrap Searched 3 | . . 2 . 1 . . . . . . . . . . Spaces Dug . | . . . . . . . . . . . . . . . Terrain Destroyed 673 | . 51 16 . . 155 11 . . 15 28 . 3 355 39 Melee . | . . . . . . . . . . . . . . . Projectile 79 | . . . . . 20 4 . . . . . 3 29 23 AOE 594 | . 51 16 . . 135 7 . . 15 28 . . 326 16 Terrain Rammed . | . . . . . . . . . . . . . . . Walls Destroyed . | . . . . . . . . . . . . . . . Machines Disabled . | . . . . . . . . . . . . . . . Actions | -11 -10 -10 -10 -9 -8 -7 -6 -6 -6 -6 -6 -6 -6 -5 --------- Run | Yrd Mat Min Exi Min Mat Fac Fac Was Fac Ext Cet Arc Hub Fac Total 5313 | . 317 445 266 182 668 402 284 166 250 487 249 53 374 1170 Wait 594 | . 22 23 35 5 16 29 45 1 19 29 75 . 26 269 Move 4131 | . 239 398 227 165 544 330 231 152 210 409 147 47 292 740 Hop 4 | . . . . . . . . . . . . . . 4 Pick Up 55 | . 6 3 . 3 10 7 4 1 3 4 1 . 3 10 Fast Attach 52 | . 1 2 . . 5 4 . 1 4 2 3 1 4 25 Attach 26 | . . 1 . . 5 3 1 2 . 4 1 . 2 7 Detach 16 | . 1 . . . . 3 . . 2 3 1 1 1 4 Swap 62 | . 8 4 2 1 16 2 . 2 1 3 5 . 6 12 Drop 72 | . 8 4 2 4 16 3 1 3 9 . 4 1 3 14 Fire 268 | . 31 10 . 3 50 16 1 4 2 32 12 3 32 72 Melee . | . . . . . . . . . . . . . . . Ram 1 | . . . . . . . . . . . . . . 1 Kick 21 | . 1 . . 1 6 5 1 . . 1 . . . 6 Crush . | . . . . . . . . . . . . . . . Escape Stasis 5 | . . . . . . . . . . . . . 5 . Rewire 6 | . . . . . . . . . . . . . . 6 Trap . | . . . . . . . . . . . . . . . Miscellaneous . | . . . . . . . . . . . . . . . Route ------- -11/Scrapyard -10/Materials (discovered 3 exits: [*Mat x2] / *Min) -10/Mines (discovered 4 exits: [*Mat x2] / *Exi / Sub) -10/Exiles -9/Mines -8/Materials -7/Factory (discovered 2 exits: *Fac / Sto) -6/Factory -6/Waste -6/Factory -6/Extension (discovered 2 exits: *Fac / *Cet) -6/Cetus -6/Archives -6/Hub_04(d) (discovered 2 exits: *Fac x2) -5/Factory History --------- Turn | Location | Event 1 | -11/Scrapyard | Discovered new exit (range 0) 1 | -11/Scrapyard | Entered Materials 106 | -10/Materials | Repaired Med. Laser 128 | -10/Materials | Discovered new exit (range 16) 138 | -10/Materials | Identified exit to Mines 317 | -10/Materials | Build established: Mutant 426 | -10/Materials | Discovered new exit (range 13) 526 | -10/Materials | Entered Mines 535 | -10/Mines | Met a Derelict bent on vengeance 761 | -10/Mines | Learned location of Storage (-7) 835 | -10/Mines | Discovered new exit (range 13) 857 | -10/Mines | Discovered new exit (range 8) 861 | -10/Mines | Core integrity fell below 50% 898 | -10/Mines | Assisted by bots powering up and referring to "LRC-V3" 945 | -10/Mines | Identified exit to Subcaves 968 | -10/Mines | Joined a pair of Derelicts in attacking an 0b10 outpost 1054 | -10/Mines | Deemed a non-threat by the Exiles lab entrance 1054 | -10/Mines | Discovered new exit (range 5) 1075 | -10/Mines | Entered Exiles 1075 | -10/Exiles | Accompanied by 3 allies 1105 | -10/Exiles | Met 8R-AWN 1126 | -10/Exiles | Met EX-HEX 1157 | -10/Exiles | Met EX-BIN 1187 | -10/Exiles | Aligned with FarCom system 1188 | -10/Exiles | Given EX-Vault access code 1221 | -10/Exiles | Opened EX-Vault 1228 | -10/Exiles | Found Potential Leg 1230 | -10/Exiles | Found Potential Leg 1250 | -10/Exiles | Warned to stay clear of 0b10 Research branches 1276 | -10/Exiles | Met EX-DEC 1282 | -10/Exiles | Learned location of Zion (-7) 1312 | -10/Exiles | Discovered new exit (range 10) 1356 | -10/Exiles | Left Exiles lab with Potential Leg 1356 | -10/Exiles | Entered Mines 1356 | -9/Mines | Accompanied by 3 allies 1395 | -9/Mines | YI-UF0 nonchalantly dropped a Grenade Launcher on the ground 1453 | -9/Mines | Found a damaged Exp. Sensor Array with a note attached 1463 | -9/Mines | Met a Derelict shopkeep closing up shop 1506 | -9/Mines | Discovered new exit (range 10) 1524 | -9/Mines | Entered Materials 1524 | -8/Materials | Accompanied by 3 allies 1524 | -8/Materials | Evolved 4 slots: Utility x3, Weapon x1 1688 | -8/Materials | Lost 3 allies 1758 | -8/Materials | Destroyed 7 combat bots 1859 | -8/Materials | Build established: Tank 2229 | -8/Materials | Destroyed 7 combat bots 2233 | -8/Materials | Discovered new exit (range 4) 2235 | -8/Materials | Entered Factory 2235 | -7/Factory | Evolved 2 slots: Utility x1, Weapon x1 2236 | -7/Factory | Identified exit to Storage 2257 | -7/Factory | Build established: Hacker-Skirmisher 2404 | -7/Factory | Garrison activated, responded to threat 2554 | -7/Factory | Garrison activated, responded to threat 2625 | -7/Factory | Discovered new exit (range 10) 2645 | -7/Factory | Entered another Factory area 2645 | -6/Factory | Evolved 2 slots: Power x1, Utility x1 2851 | -6/Factory | Fabricated Imp. Particle Charger (x2) 2908 | -6/Factory | Sucked down chute 2908 | -6/Factory | Entered Waste 2909 | -6/Waste | Met a frightened Derelict 2916 | -6/Waste | Spotted C-40 Crusher 2923 | -6/Waste | EMP discharged 2926 | -6/Waste | Spotted C-40 Crusher 2944 | -6/Waste | Spotted C-40 Crusher 2947 | -6/Waste | Spotted C-40 Crusher 2990 | -6/Waste | Spotted C-40 Crusher 3011 | -6/Waste | Spotted C-40 Crusher 3023 | -6/Waste | EMP discharged 3023 | -6/Waste | System corruption reached 10% 3028 | -6/Waste | Discovered new exit (range 12) 3037 | -6/Waste | Entered Factory 3085 | -6/Factory | Botcube activated 3097 | -6/Factory | Botcube completed mutation into hovering form, armed with 1 gun. 3203 | -6/Factory | Found Prototype Processor 3203 | -6/Factory | Identified Exp. Targeting Computer 3250 | -6/Factory | Discovered new exit (range 12) 3267 | -6/Factory | Entered Extension 3267 | -6/Extension | Accompanied by 1 ally 3288 | -6/Extension | Disrupted transfer network 3300 | -6/Extension | Rescued a captive Derelict 3300 | -6/Extension | Rescued a captive Derelict 3327 | -6/Extension | Door terminal overloaded 3328 | -6/Extension | Rescued a captive Derelict 3463 | -6/Extension | Rescued A7 3496 | -6/Extension | Spotted B-75 Beast 3512 | -6/Extension | Spotted B-75 Beast 3523 | -6/Extension | Destroyed B-75 Beast 3542 | -6/Extension | Destroyed B-75 Beast 3593 | -6/Extension | Lost 3 allies 3617 | -6/Extension | First assault squad dispatched 3619 | -6/Extension | Rescued a captive Derelict 3620 | -6/Extension | Rescued a captive Derelict 3912 | -6/Extension | Discovered new exit (range 16) 3913 | -6/Extension | Discovered new exit (range 15) 3950 | -6/Extension | Entered Cetus 3950 | -6/Cetus | Accompanied by 3 allies (A7) 3955 | -6/Cetus | Acquired a Cetus Manufacturing Module code from A7 3971 | -6/Cetus | Spotted Cetus Guard 3971 | -6/Cetus | Spotted Cetus Guard 3974 | -6/Cetus | Spotted Cetus Guard 3975 | -6/Cetus | Destroyed Cetus Guard 3975 | -6/Cetus | Spotted Cetus Guard 3985 | -6/Cetus | Allies destroyed Cetus Guard 3991 | -6/Cetus | Allies destroyed Cetus Guard 4002 | -6/Cetus | Allies destroyed Cetus Guard 4113 | -6/Cetus | Escorted A7 to Cetus Mainframe 4160 | -6/Cetus | Started Cetus Manufacturing Module 4185 | -6/Cetus | Manufactured an Enhanced Grunt 4210 | -6/Cetus | Manufactured an Enhanced Grunt 4235 | -6/Cetus | Manufactured an Enhanced Grunt 4245 | -6/Cetus | Discovered new exit (range 15) 4260 | -6/Cetus | Manufactured an Enhanced Grunt 4285 | -6/Cetus | Manufactured an Enhanced Grunt 4310 | -6/Cetus | Cetus Manufacturing Module disabled 4321 | -6/Cetus | Entered Archives 4321 | -6/Archives | Accompanied by 5 allies (A7) 4326 | -6/Archives | Received a hacking code to weaken MAIN.C 4344 | -6/Archives | Build established: Scavenger-Skirmisher 4368 | -6/Archives | Unable to access archive contents 4385 | -6/Archives | Discovered new exit (range 15) 4416 | -6/Archives | Entered Hub_04(d) 4416 | -6/Hub_04(d) | Accompanied by 3 allies 4650 | -6/Hub_04(d) | System corruption reached 30% 4756 | -6/Hub_04(d) | Discovered new exit (range 15) 4821 | -6/Hub_04(d) | Found Prototype Device 4821 | -6/Hub_04(d) | Identified Exp. Thermal Shield 5053 | -6/Hub_04(d) | Discovered new exit (range 16) 5058 | -6/Hub_04(d) | Network Hub disabled 5058 | -6/Hub_04(d) | Network Hub disabled 5088 | -6/Hub_04(d) | Spotted Lightning 5089 | -6/Hub_04(d) | Lost 3 parts (1p1u1w) 5089 | -6/Hub_04(d) | Entered Factory 5089 | -5/Factory | Evolved 2 slots: Propulsion x1, Utility x1 5236 | -5/Factory | Repaired Hvy. Missile Launcher 5326 | -5/Factory | Repaired Tri-rail Accelerator? 5401 | -5/Factory | Build established: Scavenger-Gunner 6165 | -5/Factory | Lost 3 parts (2u1w) 6187 | -5/Factory | Cargo convoy interrupted 6354 | -5/Factory | Repaired Broken Adv. Variable Charge Gun 6589 | -5/Factory | First assault squad dispatched 6622 | -5/Factory | Repaired Adv. Cooling System 6646 | -5/Factory | System corruption reached 10% 6685 | -5/Factory | Core integrity fell below 50% 6731 | -5/Factory | Lost 12 parts (1p3n3u5w) 6768 | -5/Factory | Core integrity fell below 20% 6788 | -5/Factory | Destroyed by G-67 Veteran with Plasma Rifle Last Messages --------------- 06725_ Attempting to rewire G-50 Soldier. 06730_ G-50 Soldier rewired. 06744_ Connecting with Garrison Access... >>Force(Jam) ACCESS_DOOR_JAMMED 06744_ ALERT: Suspicious activity at Garrison Access F001. Dispatching Investigation squad. 06762_ System corrupted: Energy discharge (-6). 06776_ Cesium-ion Thruster destroyed. 06777_ Dropped Imp. Energy Well. 06779_ D:DQ KXOPT>H4|C5FLMJ,XF, 4CGY 0VA2 06781_ M-28 Smith repairs G-50 Soldier. 06782_ Critical hit (Burn: +37). 06782_ C-30 ARC bursts open, deploying its payload. 06782_ G-67 Veteran unfolds itself. 06782_ G-50 Soldier unfolds itself. 06782_ B-60 Warrior unfolds itself. 06782_ E-15 Imp unfolds itself. 06782_ Acquired 40 matter. 06783_ Slammed into G-50 Soldier. Map ----- +----------------------------------------------------+ | ?????????????????????????????????????????????????? | | ?????????????????????????????????????????????????? | | ?????????????????????????????????????????????????? | | ?????????????????????????????????????????????????? | | ?????????????????????????????????????????????????? | | ?????????????????????????????????????????????????? | | ????????##############???????????????????????????? | | ????????# ! #???????????????????????????? | | ????????# #???????????????????????????? | | ????????# #???????????????????????????? | | ????????# """" """" #???????????????????????????? | | ????????#| """" """" #???????????????????????????? | | ????????#! """" """" #???????????????????????????? | | ????????# """" """" #???????????????????????????? | | ????????# """" """" #???????????????????????????? | | ????????# """" """" #???????????????????????????? | | ????????# """" """" #???????????????????????????? | | ????????# eg" #??#####+#####??????????????? | | ????????# gb #??# #####??????????? | | ?????##########g######### ??????????? | | ?????# gg k k ??????????? | | ?????# ?????????? | | ?????# " ?g???????? | | ?????# """ g ????????? | | ?????# G g A g ????????? | | ?????# """ """ #######@ ????????? | | ?????# " gg""" #?????# ! # T#???????????? | | ?????# g """ #?????### ###??????????????? | | ?????# #???????? #????????????????? | | ?????# """ """ #????????? ???????????????? | | ?????# """ """ #?????????? ?????????????? | | ?????# """ """ #??????????? ???????????? | | ?????# #??????????? ??????????? | | ###### """ """ #???????????? R ???????????? | | """ """ ??????????????######???????????? | | """ """ #??????????????????????????????? | | #??????????????????????????????? | | """ """ #??????????????????????????????? | | """ """ #??????????????????????????????? | | ###### """ """ #??????????????????????????????? | | # #??????????????????????????????? | | """ # """ """ #??????????????????????????????? | | """ + """ """ #??????????????????????????????? | | """ # """ """ ##############?????????????????? | | # # #########?????????? | | """ ?# # ! """ # ! #?????????? | | """ ?######## # " #]=]! #?????????? | | """??# # # = ! [/[!!] #?????????? | | ??# """" # # ! [% #?????????? | | ##???# """" " # %% [ = #?????????? | +----------------------------------------------------+ Best States ------------- Heat Dissipation 85 Energy Generation 45 Energy Capacity 600 Matter Stores 300 Matter Capacity 300 Sight Range 16 Terrain Scan Density 10 Jamming Range 12 Armor Coverage 450 Resistance: TH 30 Utility Shielding 33 Evasion (%) 66 Targeting Accuracy 12 Target Analysis 9 Core Analysis 6 Particle Charging 20 Offensive Hacking 20 Defensive Hacking 10 Authchip Count 1 Item Schematics ----------------- Hvy. Missile Launcher | -8/Materials | Scanalyzed Adv. Assault Cannon | -8/Materials | Scanalyzed Adv. Beam Rifle | -8/Materials | Scanalyzed Gauss Cannon | -7/Factory | Scanalyzed Mni. Grenade Launcher | -7/Factory | Extracted Imp. Particle Charger | -7/Factory | Hacked Coil Gun | -7/Factory | Hacked Hvy. Phase Cannon | -6/Extension | Hacked Imp. Thermal Shield | -6/Extension | Hacked Robot Schematics ------------------ None Fabricated ------------ Imp. Particle Charger | x2 | -6/Factory Alien Tech Used ----------------- None Achievements -------------- None Challenges ------------ None Game ------ Seed DeliverySpacefoldSpoofer Manual? 0 Play Time 00:58:29 Cumulative 611.0 hours Start 2024.01.21 @ 05:29:10 End 2024.01.21 @ 16:28:40 Sessions 3 Manual Loads 0 Difficulty Rogue Special Mode None Game No. 552 Rogue 279 Adventurer 123 Explorer 150 Win Type - Total 25 Types 19/0/4/1/0/0/0/1/0 Lore% 79 Gallery% 90 Achievement% 75 Wizard Run 0 Options --------- ASCII 0 Keyboard 1 Movement Numpad Keybinds 0 Fullscreen 2 Font 18/X11Bold Map View 76x50 Zoom Use 0% Tactical HUD 1 Map Filters NONE Filters NONE Steam 1 RUN: 6d343e37-b854-45fa-b148-d50a2fe41601